details: 'fun tower game'

« prev index next »

General information

Mini Map

Players

team 1
Undeadwirujacypies (purple | 93 APM | 2417 actions | 26:03)
Hero icon 5 Death Knight
Ability icon 3 Death Coil
Ability icon 2 Unholy Aura
Hero icon 3 Lich
Ability icon 2 Frost Nova
Ability icon 1 Frost Armor

» actions
Assign group hotkey119
Basic commands226
Build / train130
ESC pressed3
Enter build submenu20
Enter hero's abilities submenu8
Give item / drop item2
Right click884
Select / deselect306
Select group hotkey647
Use ability72
2417 total
» units
Acolyte17
Ghoul4
Crypt Fiend37
Obsidian Statue4
Frost Wyrm3
65 total
» upgrades
Creature Attack3
Creature Carapace3
Burrow1
Web1
Destroyer Form2
Freezing Breath1
11 total
» buildings
Graveyard1
Crypt2
Altar of Darkness1
Ziggurat8
Tomb of Relics1
Nerubian Tower1
Halls of the Dead3
Slaughterhouse1
Black Citadel2
Sacrificial Pit1
Boneyard1
Spirit Tower4
26 total
» build order
00:11 Graveyard
00:16 Crypt
00:41 Altar of Darkness
00:59 Ziggurat
03:02 Ziggurat
03:43 Tomb of Relics
03:55 Nerubian Tower
04:36 Crypt
05:01 Ziggurat
05:46 Halls of the Dead
05:47 Halls of the Dead
07:28 Ziggurat
11:28 Slaughterhouse
12:07 Black Citadel
12:07 Black Citadel
12:38 Ziggurat
16:01 Sacrificial Pit
17:17 Boneyard
20:55 Ziggurat
21:30 Ziggurat
23:03 Ziggurat
25:42 Spirit Tower
25:43 Spirit Tower
25:43 Spirit Tower
» items
Potion of Lesser Invulnerability1
Scroll of Protection1
Scroll of Town Portal3
5 total
Random» UndeadSkayleur (green | 34 APM | 954 actions | 27:43)
Hero icon 3 Death Knight
Ability icon 1 Death Coil
Ability icon 2 Unholy Aura
Hero icon 3 Paladin
Ability icon 2 Holy Light
Ability icon 1 Devotion Aura
Hero icon 2 Mountain King
Ability icon 1 Storm Bolt
Ability icon 1 Thunder Clap
Hero icon 2 Lich
Ability icon 1 Frost Nova
Ability icon 1 Frost Armor

» actions
Assign group hotkey40
Basic commands29
Build / train107
Enter build submenu20
Enter hero's abilities submenu13
Remove unit from queue5
Right click251
Select / deselect340
Select group hotkey88
Use ability61
954 total
» units
Acolyte2
Footman27
Ghoul3
Crypt Fiend18
Peasant1
Gryphon Rider6
Rifleman9
66 total
» upgrades
Creature Attack2
Defend1
Creature Carapace2
Swords2
Plating2
Web1
Armor3
Long Rifles1
Gunpowder2
16 total
» buildings
Ziggurat8
Graveyard1
Crypt1
Altar of Darkness1
Lumber Mill1
Farm10
Altar of Kings1
Blacksmith1
Keep1
Halls of the Dead1
Black Citadel1
Spirit Tower1
Town Hall1
Barracks1
30 total
» build order
00:24 Ziggurat
00:42 Graveyard
00:45 Crypt
01:06 Altar of Darkness
01:20 Lumber Mill
01:30 Farm
01:32 Farm
01:38 Altar of Kings
02:58 Ziggurat
03:07 Ziggurat
03:25 Blacksmith
04:02 Keep
04:10 Farm
04:14 Farm
04:41 Halls of the Dead
05:02 Ziggurat
07:46 Farm
07:47 Farm
07:47 Farm
07:49 Farm
14:05 Black Citadel
14:27 Spirit Tower
16:26 Ziggurat
16:26 Ziggurat
16:27 Ziggurat
16:28 Ziggurat
17:22 Farm
17:23 Farm
21:58 Town Hall
24:30 Barracks
» items
Scroll of Town Portal2
2 total
NightElfDonny (yellow | 87 APM | 2105 actions | 24:17)
Hero icon 3 Demon Hunter
Ability icon 2 Mana Burn
Ability icon 1 Evasion
Hero icon 3 Paladin
Ability icon 1 Divine Shield
Ability icon 2 Holy Light
Hero icon 3 Mountain King
Ability icon 2 Bash
Ability icon 1 Storm Bolt

» actions
Assign group hotkey68
Basic commands23
Build / train58
ESC pressed12
Enter build submenu27
Enter hero's abilities submenu11
Give item / drop item1
Remove unit from queue1
Right click971
Select / deselect428
Select group hotkey323
Use ability181
2105 total
» units
Wisp16
Huntress8
Glaive Thrower1
Gryphon Rider7
Peasant5
37 total
» upgrades
Strength of the Moon1
Lumber Harvesting1
Swords1
Storm Hammers1
Plating0
4 total
» buildings
Altar of Elders1
Moon Well4
Hunter's Hall1
Ancient of War2
Tree of Life3
Tree of Ages1
Ancient of Wind2
Castle1
Farm4
Gryphon Aviary2
Arcane Vault1
Town Hall2
24 total
» build order
00:19 Altar of Elders
00:36 Moon Well
01:29 Hunter's Hall
01:49 Moon Well
02:17 Ancient of War
02:35 Ancient of War
02:46 Moon Well
05:09 Tree of Life
05:36 Moon Well
05:56 Tree of Ages
08:58 Tree of Life
10:02 Ancient of Wind
10:04 Ancient of Wind
10:52 Castle
10:56 Farm
10:58 Farm
11:03 Gryphon Aviary
11:46 Gryphon Aviary
12:52 Tree of Life
13:14 Farm
13:15 Farm
14:16 Arcane Vault
17:28 Town Hall
22:30 Town Hall
» items
Orb of Fire1
Scroll of Town Portal1
2 total
Random» Humanstudio (teal | 29 APM | 33 actions | 01:07)

» actions
Build / train6
Enter build submenu3
Right click16
Select / deselect6
Use ability2
33 total
» units
Peasant6
6 total
» buildings
Farm1
Barracks1
2 total
» build order
00:14 Farm
00:39 Barracks
team 2
HumanColimus (orange | 131 APM | 3635 actions | 27:44)
Hero icon 6 Mountain King
Ability icon 3 Storm Bolt
Ability icon 2 Bash
Ability icon 1 Avatar
Hero icon 5 Paladin
Ability icon 3 Holy Light
Ability icon 2 Divine Shield
Hero icon 5 Pandaren Brewmaster
Ability icon 3 Breath of Fire
Ability icon 2 Drunken Brawler

» actions
Assign group hotkey70
Basic commands14
Build / train133
ESC pressed2
Enter build submenu40
Enter hero's abilities submenu16
Give item / drop item5
Remove unit from queue2
Right click1456
Select / deselect713
Select group hotkey1063
Use ability121
3635 total
» units
Peasant28
Footman12
Flying Machine11
Knight2
53 total
» upgrades
Gunpowder2
Plating2
Defend1
Lumber Harvesting2
Barrage1
Masonry1
Flak Cannons1
Animal War Training1
Flying Machine Bombs1
12 total
» buildings
Farm8
Altar of Kings1
Barracks1
Lumber Mill1
Scout Tower20
Guard Tower15
Arcane Tower2
Town Hall3
Keep1
Blacksmith1
Arcane Vault1
Workshop3
Castle1
58 total
» build order
00:20 Farm
00:23 Altar of Kings
00:34 Farm
00:38 Barracks
01:45 Farm
02:02 Farm
02:10 Lumber Mill
02:48 Scout Tower
02:50 Scout Tower
02:52 Scout Tower
03:18 Guard Tower
03:20 Guard Tower
03:21 Scout Tower
03:43 Guard Tower
03:43 Guard Tower
03:47 Arcane Tower
03:48 Arcane Tower
04:51 Town Hall
04:52 Scout Tower
04:54 Scout Tower
04:55 Scout Tower
04:58 Scout Tower
05:35 Guard Tower
05:54 Guard Tower
07:18 Keep
07:28 Blacksmith
07:32 Scout Tower
07:34 Scout Tower
08:18 Scout Tower
08:27 Arcane Vault
08:54 Guard Tower
10:01 Workshop
10:02 Castle
10:06 Workshop
10:07 Workshop
12:52 Farm
12:53 Farm
12:54 Farm
12:54 Farm
16:47 Town Hall
17:20 Town Hall
17:56 Scout Tower
17:59 Scout Tower
18:01 Scout Tower
18:02 Scout Tower
18:10 Scout Tower
18:12 Scout Tower
18:13 Scout Tower
18:14 Scout Tower
18:16 Scout Tower
18:41 Guard Tower
18:42 Guard Tower
18:51 Guard Tower
18:52 Guard Tower
19:21 Guard Tower
19:24 Guard Tower
19:59 Guard Tower
20:31 Guard Tower
» items
Boots of Speed2
Potion of Healing2
Potion of Mana4
Scroll of Town Portal4
Lesser Clarity Potion3
Scroll of Regeneration3
Circlet of Nobility1
Scroll of Protection2
21 total
Random» UndeadCOM_TRU!SE (red | 67 APM | 1869 actions | 27:44)
Hero icon 9 Crypt Lord
Ability icon 3 Carrion Beetles
Ability icon 3 Spiked Carapace
Ability icon 1 Locust Swarm
Ability icon 2 Impale

» actions
Assign group hotkey69
Basic commands49
Build / train58
Enter build submenu17
Enter hero's abilities submenu10
Right click730
Select / deselect307
Select group hotkey532
Use ability97
1869 total
» units
Acolyte2
Ghoul4
Crypt Fiend10
Centaur Outrunner1
Frost Wyrm7
24 total
» upgrades
Web1
Creature Attack3
Creature Carapace3
Freezing Breath1
8 total
» buildings
Altar of Darkness1
Ziggurat7
Crypt1
Graveyard1
Tomb of Relics1
Halls of the Dead1
Spirit Tower4
Black Citadel1
Sacrificial Pit1
Boneyard2
20 total
» build order
00:09 Altar of Darkness
00:12 Ziggurat
00:34 Crypt
01:18 Graveyard
01:29 Ziggurat
02:07 Tomb of Relics
03:32 Halls of the Dead
05:30 Spirit Tower
05:34 Ziggurat
07:23 Black Citadel
07:28 Sacrificial Pit
09:01 Ziggurat
09:04 Ziggurat
09:09 Ziggurat
09:10 Ziggurat
10:04 Boneyard
10:07 Boneyard
11:04 Spirit Tower
11:05 Spirit Tower
11:06 Spirit Tower
» items
Rod of Necromancy1
Scroll of Town Portal4
Potion of Healing1
Potion of Lesser Invulnerability1
Periapt of Vitality1
Scroll of Healing1
9 total
NightElfTreeofTheLife (blue | 39 APM | 1088 actions | 27:44)

» actions
Assign group hotkey109
Basic commands4
Build / train107
ESC pressed12
Enter build submenu62
Remove unit from queue1
Right click329
Select / deselect261
Select group hotkey84
Use ability119
1088 total
» units
Wisp98
98 total
» upgrades
Ultravision1
Nature's Blessing1
2 total
» buildings
Ancient of War10
Moon Well3
Hunter's Hall3
Ancient Protector24
Tree of Ages3
Tree of Life8
Ancient of Wonders1
52 total
» build order
01:26 Ancient of War
01:28 Ancient of War
01:31 Ancient of War
01:39 Moon Well
02:08 Ancient of War
02:29 Ancient of War
03:08 Hunter's Hall
03:24 Ancient of War
03:25 Ancient of War
03:49 Ancient of War
04:14 Ancient Protector
04:19 Ancient Protector
05:32 Tree of Ages
05:32 Tree of Ages
06:26 Tree of Life
06:38 Ancient Protector
07:13 Ancient of Wonders
07:17 Ancient Protector
07:25 Ancient Protector
07:27 Ancient Protector
09:28 Ancient Protector
10:31 Ancient Protector
11:07 Ancient Protector
11:10 Ancient Protector
11:12 Ancient Protector
11:14 Ancient Protector
11:15 Ancient Protector
11:21 Tree of Life
11:24 Ancient Protector
13:26 Tree of Life
13:45 Tree of Life
16:06 Hunter's Hall
17:10 Moon Well
18:03 Tree of Life
19:01 Ancient of War
19:02 Ancient of War
19:22 Ancient Protector
19:23 Ancient Protector
19:45 Ancient Protector
20:24 Ancient Protector
20:59 Ancient Protector
21:09 Ancient Protector
21:11 Ancient Protector
21:12 Ancient Protector
21:15 Ancient Protector
21:17 Ancient Protector
21:34 Hunter's Hall
22:59 Moon Well
23:44 Tree of Life
24:03 Tree of Life
24:59 Tree of Life
Human8Towers (pink | 32 APM | 891 actions | 27:45)
Hero icon 3 Dark Ranger
Ability icon 1 Black Arrow
Ability icon 2 Silence

» actions
Assign group hotkey50
Basic commands11
Build / train106
Enter build submenu58
Enter hero's abilities submenu3
Remove unit from queue7
Right click274
Select / deselect280
Select group hotkey23
Use ability79
891 total
» units
Peasant20
20 total
» upgrades
Masonry3
Lumber Harvesting2
Magic Sentry1
Gunpowder1
Plating1
Flak Cannons1
Flying Machine Bombs1
Fragmentation Shards1
Flare1
Barrage1
13 total
» buildings
Scout Tower43
Lumber Mill3
Arcane Tower3
Guard Tower52
Keep1
Altar of Kings1
Arcane Sanctum1
Castle1
Town Hall2
Farm2
Blacksmith2
Workshop4
115 total
» build order
00:18 Scout Tower
00:30 Lumber Mill
00:46 Arcane Tower
00:55 Scout Tower
00:57 Scout Tower
01:00 Scout Tower
01:02 Scout Tower
01:40 Guard Tower
01:41 Guard Tower
01:41 Guard Tower
01:41 Guard Tower
01:49 Guard Tower
02:08 Guard Tower
02:13 Guard Tower
02:27 Scout Tower
02:29 Scout Tower
02:32 Scout Tower
03:00 Guard Tower
03:00 Guard Tower
03:00 Guard Tower
03:00 Guard Tower
03:42 Keep
07:25 Scout Tower
07:26 Scout Tower
07:27 Scout Tower
07:29 Scout Tower
07:32 Scout Tower
07:40 Scout Tower
07:43 Scout Tower
07:55 Guard Tower
07:55 Guard Tower
07:56 Guard Tower
07:56 Guard Tower
07:57 Guard Tower
07:58 Guard Tower
07:58 Guard Tower
07:58 Guard Tower
08:07 Scout Tower
08:08 Scout Tower
08:15 Guard Tower
08:17 Guard Tower
08:26 Altar of Kings
08:37 Arcane Tower
08:39 Arcane Tower
09:52 Arcane Sanctum
10:46 Castle
11:12 Scout Tower
11:14 Scout Tower
11:19 Scout Tower
11:20 Scout Tower
11:25 Scout Tower
11:28 Scout Tower
12:05 Guard Tower
12:25 Guard Tower
12:28 Guard Tower
12:30 Guard Tower
12:37 Lumber Mill
13:20 Guard Tower
15:38 Scout Tower
16:41 Scout Tower
16:42 Scout Tower
16:43 Scout Tower
16:45 Scout Tower
16:46 Scout Tower
17:18 Town Hall
17:22 Guard Tower
17:22 Guard Tower
17:23 Guard Tower
17:23 Guard Tower
17:25 Guard Tower
17:25 Guard Tower
17:26 Guard Tower
17:26 Guard Tower
17:27 Guard Tower
17:27 Guard Tower
17:28 Guard Tower
17:28 Guard Tower
17:31 Scout Tower
17:32 Scout Tower
17:33 Scout Tower
17:34 Scout Tower
18:04 Guard Tower
18:06 Guard Tower
19:22 Lumber Mill
20:56 Farm
20:59 Farm
21:11 Blacksmith
21:13 Blacksmith
22:23 Workshop
22:27 Workshop
22:39 Workshop
22:39 Workshop
24:21 Scout Tower
24:23 Scout Tower
24:23 Scout Tower
24:23 Scout Tower
24:24 Scout Tower
25:09 Scout Tower
25:09 Scout Tower
25:10 Scout Tower
25:10 Scout Tower
25:11 Scout Tower
25:17 Guard Tower
25:17 Guard Tower
25:18 Guard Tower
25:18 Guard Tower
25:19 Guard Tower
25:19 Guard Tower
25:19 Guard Tower
25:20 Guard Tower
25:23 Guard Tower
26:15 Guard Tower
27:00 Town Hall
» items
Boots of Speed1
Periapt of Vitality1
Staff of Teleportation1
Circlet of Nobility1
Scroll of Protection1
5 total

Chat log


(02:21 / Allies) TreeofTheLife: let go

(05:42 / Allies) TreeofTheLife: pull
(05:54 / Allies) TreeofTheLife: i said pull
(05:59 / Allies) TreeofTheLife: poor noob red
(06:58 / All) TreeofTheLife: smart going vs mass towers

(08:08 / All) TreeofTheLife: noob game :D
(08:42 / Allies) TreeofTheLife: b red 2v1
(08:46 / Allies) TreeofTheLife: 3

(10:14 / Allies) 8Towers: haha! you needed more towers bub

(11:50 / Allies) TreeofTheLife: defend plz
(11:55 / Allies) Colimus: no
(11:58 / Allies) TreeofTheLife: :(
(12:01 / Allies) Colimus: let him die
(12:59 / Allies) 8Towers: poor tower micro
(13:28 / Allies) TreeofTheLife: wood?
(13:46 / Allies) TreeofTheLife: ty
(14:16 / Allies) TreeofTheLife: can you make farm pink?
(14:22 / Allies) 8Towers: I could
(14:25 / Allies) TreeofTheLife: xD
(14:39 / Allies) TreeofTheLife: red
(14:44 / Allies) TreeofTheLife: red
(15:24 / Allies) 8Towers: shoulda repaired
(15:28 / Allies) 8Towers: bad luck mate bad luck
(15:44 / Allies) TreeofTheLife: hes busy in green base
(16:43 / Allies) TreeofTheLife: funny moments
(17:34 / Allies) TreeofTheLife: fuck my wood :(
(18:19 / Allies) TreeofTheLife: orang you let red dying
(18:21 / Allies) TreeofTheLife: smart
(18:27 / Allies) Colimus: what
(18:32 / Allies) TreeofTheLife: and you creep ;D
(18:40 / Allies) Colimus: he didnt say to attack
(18:41 / Allies) TreeofTheLife: dumby dumb gagaaa
(19:00 / Allies) Colimus: not my fault he goes alone
(19:18 / Allies) TreeofTheLife: you dont play with allies taht is real bad

(20:37 / Allies) TreeofTheLife: whats the plan pink?
(20:43 / Allies) TreeofTheLife: we make hero ?
(20:46 / Allies) 8Towers: hang out and do whatever

(21:47 / Allies) TreeofTheLife: copter lovely :D
(21:54 / Allies) TreeofTheLife: prepare defense orange
(22:00 / Allies) TreeofTheLife: come here orange
(22:01 / Allies) TreeofTheLife: wtf
(22:08 / Allies) Colimus: stfu
(22:12 / Allies) Colimus: ok u die
(22:15 / Allies) 8Towers: tsk
(22:18 / Allies) TreeofTheLife: mongolian orange?
(22:47 / Allies) TreeofTheLife: defend
(22:54 / Allies) TreeofTheLife: no pussy noob this time orange

(24:23 / All) TreeofTheLife: EASY WIN
(24:55 / All) TreeofTheLife: orange noob champion <3

(26:15 / Allies) Colimus: gg red
(26:23 / Allies) COM_TRU!SE: LUL
(26:37 / Allies) Colimus: don't LUL me
(26:46 / Allies) TreeofTheLife: you are shit orange
(26:50 / Allies) TreeofTheLife: get carried by red
(26:52 / Allies) Colimus: nope
(26:55 / Allies) Colimus: watch score
(27:05 / Allies) TreeofTheLife: scores means nothing
(27:11 / Allies) Colimus: means everything
(27:14 / Allies) TreeofTheLife: red did all the jobs and hard work